Unix NetHack Version 3.7.0-86 Work-in-progress - last build May 30 2023 01:50:43 (cc98dc9aa62a9957b082a042edf5bd7ec9f632c7,branch:master). Game began 2023-06-01 21:41:55, ended 2023-06-01 21:44:32. zarg, neutral female gnomish Wizard ... ..<. ..... ..... ..... G.@.- 0.. Zarg the Evoker St:10 Dx:10 Co:17 In:19 Wi:16 Ch:9 Neutral S:206 Dlvl:4 $:14 HP:0(11) Pw:9(9) AC:8 Xp:1/8 T:257 Latest messages: This door is locked. This door is locked. In what direction? Thwack!! In what direction? As you kick the door, it crashes open! In what direction? You kick at empty space. With great effort you move the boulder. You try to move the boulder, but in vain. The door resists! The door opens. You hear the chime of a cash register. The door resists! The door resists! The door opens. "Hello, zarg! Welcome to Hebiwerie's general store!" The grid bug misses! You kill the grid bug! You miss the grid bug. You see here a scroll labeled MAPIRO MAHAMA DIROMAT (for sale, 133 zorkmids). You see here a tiger eye ring (for sale, 356 zorkmids). You see here a yellow gem (for sale, 2000 zorkmids). You see here 2 black gems (for sale, 2266 zorkmids). You see here a scroll labeled TEMOV (for sale, 133 zorkmids). You see here a bubbly potion (for sale, 356 zorkmids). You see here 10 rocks (for sale, 70 zorkmids). You see here 2 food rations (for sale, 120 zorkmids). You miss the grid bug. The grid bug misses! You kill the grid bug! You see here a food ration (for sale, 60 zorkmids). You see here a tripe ration (for sale, 20 zorkmids). You see here a leash (for sale, 27 zorkmids). You see here a bronze plate mail (for sale, 533 zorkmids). You see here a scroll labeled MAPIRO MAHAMA DIROMAT (for sale, 133 zorkmids). $ - 5 gold pieces (14 in total). o - a sky blue potion. What do you want to drink? [fgho or ?*] You feel strong! You feel smart! You feel wise! You feel agile! You feel tough! You feel charismatic! You descend the stairs. You kill the gas spore! Boom! You are caught in the gas spore's explosion! It is fatal. Inventory: Weapons a - a blessed +1 quarterstaff (weapon in hands) Rings e - an uncursed ring of see invisible d - an uncursed ring of shock resistance Wands c - an uncursed wand of digging (0:2) Potions g - an uncursed potion of restore ability h - an uncursed potion of sickness f - an uncursed potion of water Scrolls j - an uncursed scroll of enchant weapon i - an uncursed scroll of magic mapping k - an uncursed scroll of remove curse Armor n - an uncursed +0 pair of low boots (being worn) b - an uncursed +0 cloak of magic resistance (being worn) Spellbooks m - an uncursed spellbook of extra healing l - a blessed spellbook of force bolt Coins $ - 14 gold pieces Zarg the Wizard's attributes: Background: You were an Evoker, a level 1 female gnomish Wizard. You were neutral, on a mission for Thoth who was opposed by Ptah (lawful) and Anhur (chaotic). You were in the Gnomish Mines, on level 4. You entered the dungeon 257 turns ago. You had 8 experience points, 12 more were needed to attain level 2. Your score was 206 before end-of-game adjustments. Basics: You had 0 out of 11 hit points. You had all 9 energy points (spell power). Your armor class was 8. Your wallet contained 14 zorkmids. Autopickup was on for '$!"=/', with exceptions. Final Characteristics: Your strength was 10 (limit:18/50). Your dexterity was 10 (limit:18). Your constitution was 17 (limit:18). Your intelligence was 19 (limit:19). Your wisdom was 16 (limit:18). Your charisma was 9 (limit:18). Final Status: You were not hungry. You were unencumbered. You were wielding a quarterstaff. You had basic skill with quarterstaff. Final Attributes: You were aligned. You were magic-protected. You had infravision. You were warded. You are dead. Miscellaneous: You disabled loading of bones levels. Total elapsed playing time was 2 minutes and 36 seconds. Major events: Turn 1: zarg the neutral female gnomish Wizard entered the dungeon 252: entered the Gnomish Mines 257: killed by a gas spore's explosion Vanquished creatures: a gas spore a goblin 2 grid bugs 4 creatures vanquished. No species were genocided or became extinct. Voluntary challenges: You were an atheist. You were illiterate. You never engraved Elbereth. You never had a pet. You never genocided any monsters. You never polymorphed an object. You never changed form. You used no wishes. Achievements: You entered a shop. You entered the Gnomish Mines. The Dungeons of Doom: levels 1 to 3 Level 1: A fountain. Level 2: Level 3: A general store. Stairs down to The Gnomish Mines. The Gnomish Mines: Level 4: <- You were here. Final resting place for you, killed by a gas spore's explosion. Game over: ---------- / \ / REST \ / IN \ / PEACE \ / \ | zarg | | 14 Au | | killed by a gas | | spore's | | explosion | | | | 2023 | *| * * * | * _________)/\\_//(\/(/\)/\//\/|_)_______ Goodbye zarg the Wizard... You died in The Gnomish Mines on dungeon level 4 with 205 points, and 14 pieces of gold, after 257 moves. You were level 1 with a maximum of 11 hit points when you died.